Map: Odyssey LE

Players

Yata

  • Race: Zerg Zerg
  • League: Silver
  • Spawn Location: 5:00

A.I. 1 (Harder) - Winner!

  • Race: Zerg Zerg
  • Spawn Location: 11:00

VOD

Have the link to the VOD?

Description

Time

  • Played on: July 16, 2017, 9:28 p.m.
  • Length: 13:27
Show
View Real Time Build Order
Export as new Build Order

Yata Zerg 

Build Orders: Hatch First 

Get SALT Encoding   

  12  0:01  Drone  
  13  0:12  Overlord  
  13  0:17  Drone  
  14  0:30  Drone  
  14  0:31  Drone  
  14  0:34  Drone  
  17  0:56  Hatchery  
  16  1:00  Drone  
  16  1:01  Drone  
  18  1:06  Drone  
  18  1:09  Extractor  
  18  1:19  Spawning Pool  
  18  1:24  Overlord  
  17  1:29  Drone  
  18  1:38  Drone  
  19  1:50  Drone  
  20  2:10  Zergling x4  
  20  2:12  Queen  
  20  2:13  Queen  
  20  2:14  Metabolic Boost  
  26  2:18  Drone  
  26  2:19  Drone  
  28  2:26  Drone  
  29  2:57  Baneling Nest  
  28  3:00  Drone x6  
  34  3:08  Queen  
  34  3:11  Overlord  
  36  3:29  Queen  
  39  3:34  Drone x4  
  39  3:35  Drone x2  
  39  3:37  Overlord  
  44  3:44  Pneumatized Carapace  
  44  4:08  Hatchery  
  44  4:09  Overlord  
  43  4:10  Overlord  
  43  4:28  Lair  
  43  4:33  Drone x2  
  43  4:34  Drone x3  
  43  4:35  Drone x3  
  43  4:36  Drone  
  43  4:37  Drone x5  
  57  4:50  Extractor  
  56  5:19  Hatchery  
  55  5:34  Zergling x2  
  55  5:35  Zergling x34  
  73  5:44  Centrifical Hooks  
  73  5:57  Hydralisk Den  
  72  6:14  Queen  
  74  6:26  Overlord x2  
  74  6:27  Overlord x2  
  74  6:31  Queen x2  
  78  6:45  Baneling  
  78  6:46  Baneling x8  
  78  6:59  Evolution Chamber  
  64  7:27  Zerg Melee Weapons Level 1  
  64  7:53  Drone x8  
  64  7:54  Drone x8  
  80  8:16  Muscular Augments  
  80  8:24  Hydralisk  
  80  8:25  Hydralisk  
  84  8:36  Extractor  
  83  8:56  Roach Warren  
  82  9:09  Hydralisk x5  
  92  9:27  Zerg Ground Armor Level 1  
  92  9:39  Hydralisk x2  
  92  9:44  Roach  
  92  9:45  Roach  
  97  10:08  Unknown  
  93  10:25  Overseer  
  93  10:26  Overseer  
  93  10:30  Hydralisk x5  
  103  10:47  Extractor  
  102  10:51  Extractor  
  102  10:52  Extractor  
  100  10:58  Spire  
  99  11:21  Hydralisk x2  
  103  11:47  Overlord x4  
  103  12:04  Hydralisk x7  
  103  12:05  Hydralisk  
  91  12:46  Roach  
  91  12:47  Roach x12  
Show
View Real Time Build Order
Export as new Build Order

A.I. 1 (Harder) Zerg - Winner!

Build Orders: Pool First, Lurkers 

Get SALT Encoding   

  12  0:00  Drone  
  13  0:12  Overlord  
  13  0:16  Drone  
  14  0:30  Drone x2  
  16  0:42  Spawning Pool  
  15  0:45  Drone  
  15  0:49  Drone  
  17  0:52  Extractor  
  17  0:55  Drone  
  17  1:06  Overlord  
  17  1:30  Queen  
  17  1:31  Zergling x2  
  20  1:38  Roach Warren, Drone  
  20  1:40  Extractor  
  20  1:41  Zergling x2  
  20  1:49  Drone  
  21  1:59  Drone  
  22  2:12  Drone  
  23  2:21  Roach  
  25  2:32  Drone  
  25  2:37  Overlord, Roach  
  28  2:47  Roach  
  30  2:54  Overlord  
  30  2:57  Roach  
  32  3:07  Roach  
  34  3:15  Overlord  
  34  3:17  Roach  
  38  3:27  Roach  
  38  3:37  Roach  
  38  3:39  Overlord  
  40  3:47  Roach  
  42  3:54  Drone  
  43  3:57  Roach  
  43  3:58  Drone  
  46  4:05  Drone  
  47  4:13  Overlord, Roach, Drone  
  51  4:17  Drone  
  50  4:27  Zergling x2  
  51  4:33  Baneling Nest  
  51  4:36  Evolution Chamber  
  50  4:38  Drone  
  50  4:44  Roach, Drone x2  
  54  4:54  Roach  
  56  5:04  Roach  
  58  6:31  Overlord, Lair  
  58  6:32  Zerg Melee Weapons Level 1  
  58  6:34  Spore Crawler  
  58  6:39  Spore Crawler  
  56  6:41  Hatchery  
  56  6:42  Drone  
  56  6:53  Overlord  
  55  7:09  Zergling x2  
  41  7:18  Spine Crawler  
  30  7:23  Roach  
  30  7:29  Burrow  
  28  7:31  Hydralisk Den  
  28  7:33  Roach  
  29  7:38  Spine Crawler  
  28  7:45  Ravager  
  28  7:46  Roach  
  31  7:54  Drone x2  
  31  7:55  Drone  
  31  7:57  Drone x2  
  31  7:58  Drone x3  
  39  8:00  Hydralisk, Lurker Den, Extractor  
  39  8:01  Drone  
  39  8:04  Overseer  
  41  8:08  Drone x3  
  41  8:10  Hydralisk  
  41  8:12  Drone  
  47  8:15  Drone  
  47  8:19  Drone  
  49  8:25  Drone  
  49  8:26  Hydralisk, Drone x2, Zerg Missile Weapons Level 1  
  54  8:31  Drone  
  55  8:36  Drone  
  56  8:41  Drone  
  56  8:46  Drone  
  58  8:52  Hydralisk  
  58  8:55  Overseer  
  60  8:58  Drone, Spore Crawler  
  60  9:02  Hydralisk  
  62  9:03  Spore Crawler  
  62  9:04  Drone  
  62  9:08  Queen  
  64  9:12  Hydralisk  
  64  9:13  Queen  
  68  9:19  Infestation Pit  
  68  9:20  Drone  
  68  9:26  Hydralisk, Lurker  
  68  9:27  Spine Crawler  
  68  9:28  Drone  
  71  9:35  Spine Crawler  
  71  9:36  Drone  
  71  9:37  Lurker x2  
  71  9:38  Hydralisk  
  75  9:48  Hydralisk  
  75  9:49  Hydralisk Den  
  76  9:55  Spire  
  76  9:57  Evolution Chamber  
  76  9:58  Drone  
  75  10:12  Zergling x2  
  75  10:20  Zerg Ground Armor Level 1  
  75  10:30  Extractor  
  74  10:52  Drone  
  74  10:53  Drone  
  76  10:57  Pneumatized Carapace, Infestor  
  76  10:59  Zerg Melee Weapons Level 2  
  78  11:08  Hatchery  
  77  11:19  Overseer  
  77  11:40  Overlord, Lurker, Hydralisk  
  77  11:46  Lurker, Hydralisk  
  83  11:52  Lurker, Hydralisk  
  86  12:01  Pathogen Glands  
  86  12:19  Drone, Queen  
  86  12:20  Drone x4  
  86  12:21  Overlord, Drone x4  
  86  12:22  Drone x3  
  100  12:23  Drone x4  
  100  12:24  Drone  
  105  12:34  Zergling x2  
  99  12:39  Drone  
  99  12:41  Overlord  
  95  12:45  Hydralisk  
  95  12:46  Drone  
  95  12:49  Hatchery  
  95  12:50  Drone  
  98  12:53  Spore Crawler  
  98  12:54  Drone  
  98  13:05  Lurker  
  98  13:06  Overlord  
  98  13:08  Extractor  
  98  13:10  Drone  
  98  13:12  Ravager  
  104  13:18  Lurker  
Tags
 
Composition
Lurkers
League
Silver
Matchup
ZvZ
Race
Zerg
Replay Pack
Pack 1
Spawn Locations
Cross Positions
Add a new tag
Caveats
  • Supply blocks, unpowered buildings, or Contaminate may cause inaccurate times.
  • Supply counts are checked every 10 seconds.